[Event "21st IPCA World Championship 2022"]
[Site "Ashdod"]
[Date "2022.05.09"]
[Round "1.1"]
[White "Yarmonov, Igor"]
[Black "Shapiro, Benny"]
[Result "1-0"]
[ECO "D85"]
[WhiteElo "2394"]
[BlackElo "1884"]
[Annotator "TA"]
[PlyCount "137"]
[EventDate "2022.05.09"]
[EventType "swiss"]
[EventCountry "ISR"]
[SourceTitle "playchess.com"]
[Source "ChessBase"]
[SourceQuality "1"]
[TimeControl "5400+30"]

1. d4 Nf6 2. c4 g6 3. Nc3 d5 4. cxd5 Nxd5 5. Bd2 Nxc3 6. Bxc3 {[%emt 0:01:01] D85: Exchange Grünfeld: Unusual White 7th moves and lines with 7 Nf3.} Qd5 7. f3 {[%emt 0:01:09] [#]} f5 $146 {[%emt 0:00:37] Against e4} ({Predecessor:} 7... Bg7 8. e4 Qd7 9. Bc4 b5 10. Bb3 a5 11. a3 c5 12. d5 Bxc3+ 13. bxc3 a4 {1-0 (34) Akesson,R (2493)-Fogarasi,T (2426) Budapest 2009}) 8. Qd3 {[%emt 0:01:32] White is slightly better.} f4 9. Qe4 (9. g3 $14) 9... Qxe4 $11 10. fxe4 Bg7 11. Nf3 c5 12. e3 (12. dxc5 Bxc3+ 13. bxc3 Nd7 $11) 12... fxe3 13. dxc5 Bxc3+ 14. bxc3 O-O 15. Bc4+ Kg7 16. Ke2 Nd7 17. c6 bxc6 18. Kxe3 c5 (18... Nb6 $11 19. Bd3 Be6) 19. Rab1 Nb6 20. Bb3 Bd7 21. Ne5 Kf6 22. Nxd7+ Nxd7 23. Bd5 (23. Rhd1 {is more complex.} Ne5 24. Rd5 Ng4+ 25. Kf4) 23... Rab8 24. Rxb8 (24. Rhf1+ {looks sharper.} Ke5 25. Rxf8 Rxb1 26. Re8) 24... Nxb8 {[%emt 0:01:41][%mdl 4096] Endgame KRB-KRN} (24... Rxb8 $11 25. Rf1+ Ke5) 25. Rf1+ $16 Kg7 26. Rb1 Kf6 27. Rb7 {[%emt 0:00:40] White is more active.} e6 28. e5+ ({Weaker is} 28. Rxh7 exd5 29. exd5 Re8+ 30. Kd3 Re7 $17) (28. Bc4 $16) 28... Kxe5 $14 29. Bf3 a6 (29... Rd8 $14) 30. Rxh7 $16 Rc8 (30... g5 $16) 31. Ra7 c4 (31... Nc6 $142 32. Rxa6 Ne7) 32. Ra8 $18 Rd8 33. Be4 {[%emt 0:00:12] Prevents Rd3+.} (33. Be2 $18) 33... g5 $16 34. h3 Rd1 35. Bc2 $1 ({But not} 35. Rxb8 Re1+ 36. Kf2 Rxe4 $14) 35... Rd8 36. a4 (36. g3 $142) 36... Rf8 (36... Nc6 $16 37. Rxd8 (37. Rxa6 Ne7 $14) 37... Nxd8) 37. a5 $18 Nd7 {[%emt 0:01:06] [#]} 38. Rxa6 (38. Rxf8 $1 $18 Nxf8 39. g3) 38... Nf6 $11 39. Rc6 Nd5+ 40. Kd2 Rf2+ 41. Kc1 Ne3 42. Bb1 Rf1+ 43. Kd2 Nd5 44. Bh7 Rf2+ 45. Kc1 Ra2 46. Rxc4 (46. Rc5 {feels hotter.} Rxg2 47. Bc2 Rg3 48. a6) 46... Rxa5 47. Rg4 Kf6 48. Kd2 Kg7 (48... Ra3 $11) 49. Bc2 Nf6 50. Rb4 Nd5 51. Re4 Kf6 52. Bb3 Kf5 53. Bxd5 (53. Ra4 $14 {should be considered.} Rc5 54. Bc4) 53... exd5 $14 {[%emt 0:00:39] KR-KR} 54. Rg4 Ra2+ 55. Kd3 Ra3 $2 {[%emt 0:00:55][%mdl 8192] [#] Loses the game.} (55... Rf2 $11 {and Black stays safe.}) 56. Kd4 $1 $18 Ra5 57. Rg3 Kf6 58. Re3 Ra2 $2 (58... Kg6 59. Re6+ Kf7) 59. Kxd5 Rd2+ 60. Kc6 Rxg2 61. c4 {[%emt 0:00:12][%cal Bc3c4,Bc4c5,Bc5c6,Bc6c7][%mdl 32] Black must now prevent c5.} g4 62. hxg4 {[%emt 0:00:22] White mates.} Rxg4 63. c5 Rg1 64. Kd7 Rd1+ 65. Kc7 Rd5 66. c6 Rd1 67. Kb7 Rb1+ 68. Kc8 Rc1 69. c7 {[%emt 0:00:30] Weighted Error Value: White=0.20 (precise) /Black=0.30} 1-0

[Event "21st IPCA World Championship 2022"]
[Site "Ashdod"]
[Date "2022.05.09"]
[Round "1.2"]
[White "Alperovich, Asher"]
[Black "Mikheev, Stanislav"]
[Result "0-1"]
[ECO "D83"]
[WhiteElo "1865"]
[BlackElo "2333"]
[Annotator "TA"]
[PlyCount "64"]
[EventDate "2022.05.09"]
[EventType "swiss"]
[EventCountry "ISR"]
[SourceTitle "playchess.com"]
[Source "ChessBase"]
[SourceQuality "1"]
[TimeControl "5400+30"]

1. d4 Nf6 2. c4 g6 3. Nc3 d5 4. Bf4 Bg7 5. Rc1 O-O 6. e3 Be6 {[%emt 0:05:05] D83: Grünfeld: 4 Bf4 Bg7 5 e3 0-0.} 7. c5 c6 8. h3 b6 {[%emt 0:05:19] The position is equal.} 9. b4 a5 10. a3 ({White should try} 10. Na4 $11) 10... axb4 $15 11. axb4 {[%emt 0:00:07] [#]} Ra3 $146 (11... Ne4 $5 12. Bd3 Na6 $11) ({Predecessor:} 11... bxc5 12. bxc5 Ne4 13. Nxe4 dxe4 14. Ne2 Ra3 15. Nc3 Qa5 16. Qd2 Nd7 17. Nxe4 Qa7 {0-1 (50) Bachmann,A (2599)-Yashmetov,M (2298) Chess.com INT 2020}) 12. Bd3 bxc5 13. bxc5 Qa5 14. Qd2 Na6 15. Nf3 (15. Nge2 $15) 15... Nd7 (15... Nb4 $19 16. Bb1 Ne4 17. Nxe4 dxe4 18. Bxe4 Ra2) 16. Nb1 Nb4 $19 17. Be2 (17. Bc2 Ra2 18. Nc3 Nxc2+ 19. Rxc2 Rxc2 20. Qxc2) 17... Ra2 18. Bc7 Qxc7 ({Not} 18... Rxd2 19. Bxa5 Rb2 20. Bxb4 Rxb4 21. Nbd2 $11) 19. Qxb4 Rb8 20. Qc3 Rbb2 21. Nbd2 {[%emt 0:01:08] [#]} Nf6 $1 {[%emt 0:00:29] Strongly threatening ...Ne4.} 22. Bd3 {[%emt 0:04:36] [#] Inhibits Ne4.} (22. Bd1 Ne4 23. Nxe4 dxe4 24. Nd2 Bxd4 25. Qxd4 Rxd2 26. Qxd2 Rxd2 27. Kxd2) 22... Ne4 $1 23. Bxe4 dxe4 24. Ng5 (24. Nxe4 $142 Rb3 25. Qd2 Rxd2 26. Nexd2) 24... Rxd2 25. Qxd2 Rxd2 26. Kxd2 Qa5+ 27. Rc3 Bd5 {[%emt 0:00:10] Threatens to win with ...e5.} 28. h4 e5 29. Rb1 Bf6 30. Rb8+ Kg7 31. Kc2 exd4 32. exd4 Bxd4 {[%emt 0:00:13] White did not feel at home in the position after the opening.  Weighted Error Value: White=1.30/Black=0.08 (flawless)} 0-1

[Event "21st IPCA World Championship 2022"]
[Site "Ashdod"]
[Date "2022.05.09"]
[Round "1.3"]
[White "Zilberman, Yaacov"]
[Black "Aleksandrova, Aleksandra"]
[Result "1-0"]
[ECO "D31"]
[WhiteElo "2315"]
[BlackElo "1687"]
[Annotator "TA"]
[PlyCount "72"]
[EventDate "2022.05.09"]
[EventType "swiss"]
[EventCountry "ISR"]
[SourceTitle "playchess.com"]
[Source "ChessBase"]
[SourceQuality "1"]
[TimeControl "5400+30"]

1. d4 d5 2. c4 e6 3. Nc3 c6 4. e3 Bd6 5. f4 Nd7 6. Nf3 {[%emt 0:00:20] D31: Queen's Gambit Declined: Semi-Slav without ...Nf6 (+ Marshall Gambit and Noteboom) and Exchange Variation lines without ...Nf6.} Ne7 7. Bd3 {[%emt 0:00:36] [#]} dxc4 $146 ({Predecessor:} 7... Nf6 8. O-O O-O 9. Ne5 Bd7 10. Qf3 h6 11. g4 dxc4 12. Bxc4 Ned5 13. Nxd7 Nxd7 {1-0 (35) Bouguern,A (1464)-Tittarelli,A (1173) LSS email 2012}) 8. Bxc4 {[%emt 0:00:14] White is slightly better.} Nd5 9. O-O Qa5 10. Bd2 {[%emt 0:01:05] Threatens to win with Nxd5.} Nxc3 11. bxc3 Qh5 12. Rb1 O-O 13. Bd3 f6 (13... c5 $142) 14. e4 $16 e5 (14... Bc7 $16 15. Qb3 Nb6) 15. fxe5 fxe5 16. Qb3+ (16. Bc4+ $18 {is more deadly.} Kh8 17. Ng5 Qxd1 18. Rbxd1 (18. Rfxd1 b5 $16)) 16... Kh8 17. Ng5 {[%emt 0:02:09] White is more active.} (17. Be3 $16) 17... Nf6 $11 18. h3 $2 (18. Rbe1 $11) 18... h6 $1 $17 19. Ne6 Re8 20. d5 (20. Nxg7 $17 Kxg7 21. Rf3) 20... cxd5 $1 $19 21. exd5 {[%emt 0:00:22] [#]} e4 $1 22. Bb5 $2 (22. Bf4 Bxe6 23. Bxd6 Bxd5 24. Bc4) 22... Bxe6 23. dxe6 Qc5+ (23... Qe5 24. Bf4 Qc5+ 25. Kh1 Bxf4 26. Rxf4 $17 (26. Bxe8 $2 Bc7 $19)) 24. Kh1 e3 {[%emt 0:00:22][%cal Oc5e5] ( -> ...Qe5!)} 25. Be1 {[%emt 0:05:08] [#]} Qe5 $1 26. g3 e2 (26... Ne4 $142 27. Qc2 (27. Bxe8 $2 Nxg3+ 28. Bxg3 Qxg3 $19) 27... Qxe6) 27. Rf3 Rxe6 ({And not} 27... Qe4 28. Kg2 $15) (27... Rf8 $19 28. e7 Bxe7) 28. Rb2 $17 {[%emt 0:01:39] [#]} Qe4 $2 (28... Bc5 $1 $17 {And now ...Qd6 would win.} 29. Rxe2 Qxe2 30. Bxe2 Rxe2) 29. Kg2 $1 $11 Nd5 $2 {[%emt 0:01:16][%mdl 8192] Loses the game.} (29... Bxg3 $11 {and Black is okay.} 30. Rxe2 Qxe2+ 31. Bxe2 Rxe2+ 32. Bf2 (32. Kxg3 Rxe1 33. Qxb7 Ne4+ 34. Kh4 Re8 $11) 32... Bxf2 33. Rxf2 Re7) 30. Rxe2 $18 {[%emt 0:00:36] Dancing on a razor blade.} Nf4+ $2 (30... Qxe2+ 31. Bxe2 Rxe2+ 32. Bf2 Nf6 33. Qxb7 Rd8) 31. gxf4 {[%emt 0:00:18] White is clearly winning.} Rg6+ 32. Bg3 Rxg3+ 33. Kxg3 Qg6+ 34. Kh2 {[%emt 0:01:43] Hoping for Re6.} Rf8 35. Qe6 Rf6 36. Qe8+ Rf8 {[%emt 0:00:01] Weighted Error Value: White=0.67/Black=0.54} 1-0

[Event "21st IPCA World Championship 2022"]
[Site "Ashdod"]
[Date "2022.05.09"]
[Round "1.4"]
[White "Mekus, Manuela"]
[Black "Obodchuk, Andrei"]
[Result "0-1"]
[ECO "A07"]
[WhiteElo "1644"]
[BlackElo "2295"]
[Annotator "TA"]
[PlyCount "52"]
[EventDate "2022.05.09"]
[EventType "swiss"]
[EventCountry "ISR"]
[SourceTitle "playchess.com"]
[Source "ChessBase"]
[SourceQuality "1"]
[TimeControl "5400+30"]

1. e4 c5 2. d3 Nc6 3. Nf3 g6 4. g3 Bg7 5. Bg2 e5 6. O-O Nge7 7. Nbd2 O-O 8. c3 d5 9. Qe2 {[%emt 0:03:21] A07: Réti Opening: New York and Capablanca Systems.} h6 10. h3 {[%emt 0:03:11] [#]} Be6 $146 ({Predecessor:} 10... Re8 11. Rd1 Be6 12. Nb3 b6 13. Be3 Qc7 14. Rac1 a5 15. c4 d4 16. Bd2 a4 {0-1 (43) Cardone,B-Chachere,L (2265) Shoquoquon 1994}) 11. Nh2 ({White should try} 11. exd5 $15 Nxd5 12. Nc4) 11... Qd7 $17 12. g4 f5 {[%emt 0:01:46] Black is more active.} 13. exf5 gxf5 14. f3 (14. f4 $17 {might work better.}) 14... Ng6 $19 15. Nb3 b6 16. Be3 d4 17. cxd4 exd4 (17... Nxd4 $2 18. Nxd4 exd4 19. Bd2 $19) (17... cxd4 $2 18. Bd2 $19) 18. Bd2 Rae8 {[%emt 0:00:11] [#] Threatens to win with ...Bxb3.} 19. Qd1 (19. f4) 19... Qc7 (19... Nce5 $142 20. Bc1 Qb5) 20. Qc1 (20. f4 $142) 20... Nh4 (20... Qg3 $2 21. Be1 Qd6 22. f4 $19) 21. Bxh6 $2 (21. Bf4 {keeps fighting.} Qd8 22. Bxh6) 21... Bxb3 22. Bxg7 $2 (22. Bf4 Qf7 23. axb3) 22... Re2 ({Inferior is} 22... Kxg7 23. Qg5+ Ng6 24. gxf5 (24. axb3 Qf4 $17) 24... Rxf5 25. Qxf5 $11) (22... Qg3 23. Rf2 Kxg7 24. Nf1 $15) 23. Rf2 Rxf2 {[%emt 0:00:10][%mdl 64] [#] Overworked Piece} 24. Kxf2 Qxh2 ({And not} 24... Qxg7 25. axb3 Ne5 26. Kg1 $17) 25. Qf1 Kxg7 26. axb3 fxg4 {[%emt 0:00:18] White got outplayed after the opening.  Weighted Error Value: White=1.49/Black=0.61} 0-1

[Event "21st IPCA World Championship 2022"]
[Site "Ashdod"]
[Date "2022.05.09"]
[Round "1.5"]
[White "Gurbanov, Andrei"]
[Black "Vardi, Moshe"]
[Result "1-0"]
[ECO "A43"]
[WhiteElo "2302"]
[BlackElo "1631"]
[Annotator "TA"]
[PlyCount "53"]
[EventDate "2022.05.09"]
[EventType "swiss"]
[EventCountry "ISR"]
[SourceTitle "playchess.com"]
[Source "ChessBase"]
[SourceQuality "1"]
[TimeControl "5400+30"]

1. d4 c5 2. d5 Nf6 3. Nc3 b6 4. e4 {[%emt 0:00:58] [#]} d6 $146 ({Predecessor:} 4... e6 5. Bb5 Bb7 6. Nf3 exd5 7. exd5 Nxd5 8. Nxd5 Nc6 {1-0 (8) Applegarth,R-Stephens,K IECG email 1998}) 5. f4 e5 6. fxe5 {[%emt 0:04:34] A43: Schmid Benoni.} dxe5 7. Nf3 Bd6 8. Bg5 {[%emt 0:01:24] White is better.} h6 9. Bh4 Bg4 10. Bb5+ Nbd7 (10... Kf8 $16 {is a better defense.} 11. h3 Bh5) 11. h3 $18 Bh5 12. Bc6 $36 {[%emt 0:01:14][%mdl 2048] [#] And now Nb5 would win. Black is under strong pressure.} Rc8 13. Nb5 Bb8 14. Bb7 ({White should try} 14. g4 $18 Bg6 15. Nd2 (15. Bxf6 Qxf6 16. Qe2 Rxc6 $14)) 14... Rc7 $2 {[%emt 0:08:05] Loses the game.} 15. Nxc7+ Qxc7 16. Bxf6 Nxf6 (16... Qxb7 $16 17. Bh4 (17. Bxg7 Rh7 $14) 17... g5) 17. Bc6+ Kf8 18. Qd3 Qe7 19. O-O Bd6 20. Nh4 g6 (20... Kg8 $142 21. Bb5 Kh7) 21. c4 a6 22. Rf2 {[%emt 0:00:35] Raf1 is the strong threat.} b5 $2 (22... Rh7 23. g4 Nxe4) 23. Raf1 bxc4 24. Qxc4 Qd8 25. Rxf6 Be7 26. Rxf7+ Kg8 {[%emt 0:00:04] [#]} 27. d6 $1 {[%emt 0:00:15] Weighted Error Value: White=0.25 (precise) /Black=0.90} 1-0

[Event "21st IPCA World Championship 2022"]
[Site "Ashdod"]
[Date "2022.05.09"]
[Round "1.6"]
[White "Pilimon, Zbigniew"]
[Black "Campos, Eugenio"]
[Result "0-1"]
[ECO "A70"]
[WhiteElo "1620"]
[BlackElo "2247"]
[Annotator "TA"]
[PlyCount "108"]
[EventDate "2022.05.09"]
[EventType "swiss"]
[EventCountry "ISR"]
[SourceTitle "playchess.com"]
[Source "ChessBase"]
[SourceQuality "1"]
[TimeControl "5400+30"]

1. d4 Nf6 2. c4 c5 3. d5 e6 4. Nc3 exd5 5. cxd5 d6 6. e4 g6 7. Nf3 Bg7 8. Bb5+ {[%emt 0:00:00] 8.h3 is a critical line.} Nbd7 9. Bf4 Qe7 {[%emt 0:00:00] A70: Modern Benoni: 6 e4 g6 7 Nf3.} 10. O-O O-O 11. Re1 a6 {[%emt 0:00:00] The position is equal.} 12. Bd3 {[%emt 0:00:00] [#]} Nh5 $146 ({Predecessor:} 12... b5 13. a4 c4 14. Bf1 b4 15. Na2 Nc5 16. e5 Nfe4 17. exd6 Qb7 18. Bxc4 Bd7 {0-1 (29) Rutkowski,E (1785)-Dukaczewski,P (2265) Ramsowo 2013}) 13. Bg5 Bf6 14. Bxf6 Qxf6 15. g3 b5 16. Bc2 Re8 17. Nh4 (17. Rc1 $11) 17... Ne5 18. f4 $1 Nc4 (18... Nxf4 19. gxf4 Qxf4 20. Ng2 $11) (18... Bg4 {with more complications.} 19. Qc1 Nc4 20. Kg2 b4) 19. Qc1 Bd7 (19... Bg4 $5 ) 20. Nf3 (20. Kg2 $11 {keeps the balance.}) 20... Bg4 $17 21. Kg2 b4 {[%emt 0:00:00] Black is much more active.} (21... Bxf3+ $17 22. Kxf3 Rab8) 22. Nd1 $15 Re7 (22... Bxf3+ $15 23. Kxf3 Qd4) 23. Nd2 $36 {[%emt 0:00:00][%mdl 2048] White has some pressure.} Nb6 (23... Nxf4+ $11 24. gxf4 Qxf4 25. Nxc4 Bh3+ 26. Kg1 (26. Kxh3 $2 Qf3+ 27. Kh4 f6 $19) 26... Qg4+ 27. Kf2 Qg2+ 28. Ke3 f5) 24. Ne3 Bc8 (24... Bd7 $14) 25. Ndc4 $18 Nxc4 26. Nxc4 {[%emt 0:00:00] And now e5 would win.} Bb7 27. Qd2 Rd8 28. Ba4 (28. Kg1 $18) 28... Qg7 (28... Rxe4 $1 $14 29. Rxe4 Qf5) 29. Na5 $16 Nf6 30. Bc6 (30. Rad1 $1 $16) 30... Bc8 $14 31. Qd3 {[%emt 0:00:00] [#]} (31. e5 $11 dxe5 32. fxe5) 31... Qh6 $2 (31... Nxe4 $1 $17 {[%mdl 512] stays on course.} 32. Nc4 (32. Rab1 Bh3+) 32... Bh3+ $1 33. Kg1 f5) 32. h4 (32. Ba4 $16) 32... Qh5 $11 33. Ba4 Bd7 ({Don't do} 33... Qg4 34. Nc6 Rde8 35. Nxe7+ Rxe7 36. Bc2 $16) (33... Rxe4 $1 $11 {and Black has nothing to worry.} 34. Rxe4 Bf5) 34. Bxd7 (34. Nc6 $1 $18 Bxc6 35. dxc6) 34... Rdxd7 35. Nc4 Rd8 36. Rac1 Qg4 37. Qf3 Qd7 (37... h5 $14) 38. Re2 (38. Rcd1 $16) 38... Qb5 (38... h5 $1 $14) 39. b3 (39. f5 $1 $18 {[%cal Rf5g6] aiming for fxg6.} Kg7 40. fxg6 fxg6 41. Rf1 $1) 39... Qb8 (39... h5 $16) 40. Rce1 Qb5 $2 (40... Red7 41. f5 Rf8) 41. Re3 $2 (41. f5 $18) 41... a5 (41... h5 $16 42. e5 Ng4) 42. g4 ({White should try} 42. f5 $18 {Black must now prevent fxg6.} Rf8 43. Nxd6) 42... a4 (42... Qd7 $16 {might work better.}) 43. h5 (43. f5 $1 $18 {[%cal Rf5g6] and White stays clearly on top. fxg6 is the strong threat.} Qd7 44. g5) 43... axb3 $16 44. axb3 {[%emt 0:00:05] Threatens to win with hxg6.} Ra7 $2 ({Better is} 44... Qd7 $14) 45. hxg6 $18 hxg6 46. Qh3 Nh7 47. Qh6 (47. Rh1 $6 f6 48. Kf2 Rg7) 47... Qe8 {[%emt 0:00:00] [#]} 48. f5 $2 ({Much less strong is} 48. Rh3 $6 f6 49. Rh4 Rg7 $16) (48. g5 $1 $18 {is the precise move to win.}) 48... Qf8 $16 {[%emt 0:00:00] [#]} 49. Qxh7+ Kxh7 $19 50. f6 $2 (50. Rh3+ Kg7 51. g5 Ra2+ 52. Kg3 gxf5 53. exf5) 50... Ra2+ 51. Kg3 Qh6 {[%emt 0:00:00] ( -> ...Qh2+)} 52. Kf3 Qh3+ {[%emt 0:00:00] Black mates.} 53. Kf4 Rf2+ 54. Kg5 Qh6# {[%emt 0:00:00] Weighted Error Value: White=0.90/Black=0.44} 0-1

[Event "21st IPCA World Championship 2022"]
[Site "Ashdod"]
[Date "2022.05.09"]
[Round "1.7"]
[White "Lipilin, Ilia"]
[Black "Oliel, Yehonatan"]
[Result "1-0"]
[ECO "D70"]
[WhiteElo "2198"]
[BlackElo "1535"]
[Annotator "TA"]
[PlyCount "67"]
[EventDate "2022.05.09"]
[EventType "swiss"]
[EventCountry "ISR"]
[SourceTitle "playchess.com"]
[Source "ChessBase"]
[SourceQuality "1"]
[TimeControl "5400+30"]

1. d4 Nf6 2. c4 g6 3. f3 d5 4. cxd5 Nxd5 5. e4 Nb6 6. Nc3 Bg7 7. Be3 Nc6 (7... O-O $11 {was preferrable.}) 8. Bb5 {[%emt 0:00:18] D70: Grünfeld: Unusual White 3rd moves (met by ...d5).} (8. d5 $5 Ne5 9. f4 $11) 8... Bd7 9. Nge2 a6 10. Bxc6 {[%emt 0:05:10] White is slightly better.} Bxc6 11. d5 Bd7 12. Bd4 O-O {[%emt 0:00:00] [#]} 13. a4 $146 (13. Bxg7 $16 Kxg7 14. Qd4+ f6 15. Rd1) ({Predecessor:} 13. Bxg7 Kxg7 14. Qd4+ f6 15. O-O-O c6 16. g4 e5 17. dxe6 Bxe6 18. Qc5 Qc7 19. Rd6 {½-½ (61) Wiedermann,D (2151)-Kleiser,G (2292) Graz 2009}) 13... e6 (13... e5 $11 14. Bc5 Re8) 14. Bxg7 $16 Kxg7 15. a5 Nc8 16. Qd4+ Kg8 17. O-O $36 {[%emt 0:05:22][%mdl 2048] White is in control. White is much more active. The black rooks are badly placed.} Nd6 18. Rfd1 Qg5 19. e5 Nf5 20. Qf2 {[%emt 0:00:00] Strongly threatening Ne4.} Ne3 21. Rd3 ({White should try} 21. Rdc1 $1 $14 Nxd5 22. Nxd5 exd5 23. Rxc7) 21... Nc4 $2 (21... Nxd5 $11 {and Black stays safe.} 22. Nxd5 exd5) 22. Qd4 exd5 (22... Nxe5 $2 23. f4 Qf5 24. fxe5 $18) (22... Bb5 {was called for.} 23. f4 (23. Nxb5 axb5 24. f4 Qe7 $11) 23... Qe7) 23. Nxd5 Bb5 $2 (23... Nxe5 $2 24. f4 Qd8 25. fxe5 $18) (23... Qxe5 24. Nf6+ (24. Qxc4 Bb5 $16) 24... Kg7) 24. Nf6+ {[%emt 0:00:30] Pair of Knights!} Kh8 $2 (24... Kg7) 25. f4 $18 Qf5 26. g4 Qe6 27. Rh3 h5 {[%emt 0:00:30] [#]} 28. Rxh5+ $1 gxh5 29. Qe4 Qxf6 30. exf6 {[%emt 0:00:00] Threatening mate with Qf5.} Rg8 31. g5 {[%emt 0:00:00] aiming for Qf3.} Nd6 32. Qf3 Rge8 33. Qxh5+ Kg8 {[%emt 0:00:00] [#]} 34. g6 $1 {[%emt 0:00:00] Weighted Error Value: White=0.64/Black=1.09} 1-0

[Event "21st IPCA World Championship 2022"]
[Site "Ashdod"]
[Date "2022.05.09"]
[Round "1.8"]
[White "Shchukina, Ekaterina"]
[Black "Valenta, Vit Vaclav"]
[Result "0-1"]
[ECO "B33"]
[WhiteElo "1496"]
[BlackElo "2014"]
[Annotator "TA"]
[PlyCount "50"]
[EventDate "2022.05.09"]
[EventType "swiss"]
[EventCountry "ISR"]
[SourceTitle "playchess.com"]
[Source "ChessBase"]
[SourceQuality "1"]
[TimeControl "5400+30"]

1. e4 c5 2. Nf3 e6 3. d4 cxd4 4. Nxd4 Nf6 5. Nc3 Bb4 6. Bd3 Nc6 7. Be3 e5 8. Nb3 d5 9. exd5 Nxd5 10. Bd2 Nxc3 11. bxc3 Be7 12. O-O O-O 13. Qe2 {[%emt 0:05:30] B33: Sicilian: Pelikan and Sveshnikov Variations.} f5 14. Bc4+ Kh8 15. Rad1 {[%emt 0:01:34] Black is slightly better.} Qc7 {[%emt 0:00:23] [#]} 16. Rfe1 $146 ({Predecessor:} 16. f4 e4 17. Kh1 Bd7 18. Nd4 Rf6 19. Be1 Nxd4 20. cxd4 Rc8 21. Bb3 Rff8 22. a4 b6 23. c4 Qb7 24. Qe3 {½-½ (23) Couspeyre,T (1286)-Ramakrishnan,R (1682) LSS email 2020}) 16... Bf6 17. Bc1 Qe7 18. Bb2 Be6 19. Bxe6 Qxe6 20. c4 Qf7 21. Rd5 Rad8 22. Red1 Qe7 23. a3 e4 24. Bxf6 Qxf6 25. Nd4 (25. Nc5 $11 Qe7 26. Nd7) 25... Rxd5 {[%emt 0:03:44] Weighted Error Value: White=0.20 (precise) /Black=0.08 (flawless)} 0-1

[Event "21st IPCA World Championship 2022"]
[Site "Ashdod"]
[Date "2022.05.09"]
[Round "1.9"]
[White "Cosic, Radoslav"]
[Black "Klein, Djimmy"]
[Result "1-0"]
[ECO "A49"]
[WhiteElo "2003"]
[BlackElo "1392"]
[Annotator "TA"]
[PlyCount "51"]
[EventDate "2022.05.09"]
[EventType "swiss"]
[EventCountry "ISR"]
[SourceTitle "playchess.com"]
[Source "ChessBase"]
[SourceQuality "1"]
[TimeControl "5400+30"]

1. Nf3 Nf6 2. b3 d6 3. d4 g6 4. g3 Bg7 5. Bb2 O-O 6. Bg2 c6 7. O-O Nbd7 {[%emt 0:02:44] 7...Bf5 is the modern continuation.} 8. Nbd2 c5 {[%emt 0:02:21] A49: 1 d4 Nf6 2 Nf3 g6 3 g3: Anti-King's Indian systems.} 9. e3 Rb8 10. a4 {[%emt 0:02:08] [#]} a5 $146 {[%emt 0:02:17] White has an edge.} ({Predecessor:} 10... b6 11. Qe2 Bb7 12. c4 Ne4 13. Nxe4 Bxe4 14. Rfd1 a6 15. Ra2 Qc7 16. Bf1 Nf6 17. d5 Bf5 18. Nd2 e5 19. dxe6 Bxe6 20. Bxf6 Bxf6 21. Ne4 Be7 {½-½ (21) Zueger,B (2460)-Markowski,T (2540) Yerevan 1996}) 11. Re1 b6 12. c4 Bb7 13. Qc2 (13. d5 {keeps more tension.} e6 14. e4 Ng4 15. Bxg7 Kxg7 16. Qc2) 13... Rc8 (13... e6 $11 {is superior.}) 14. Rad1 Nb8 (14... d5 $14) 15. d5 $16 Na6 16. e4 {[%emt 0:00:31] White is more active.} Nb4 {[%emt 0:00:19] [#]} 17. Qb1 e5 (17... Rc7 $142) 18. dxe6 $1 fxe6 19. Ng5 {[%emt 0:01:11] aiming for e5.} Qd7 (19... e5 $16 {was worth a try.}) 20. f4 (20. Bh3 $18 Rce8 21. e5) 20... Rce8 (20... Nh5 $16 {keeps fighting.}) 21. e5 Bxg2 $2 (21... dxe5 22. Ndf3 (22. Bxe5 Bxg2 23. Ndf3 Qc8 $16) 22... Qe7) 22. exf6 $18 {[%emt 0:00:12] White is clearly winning.} (22. Kxg2 Nh5 $16) 22... Bxf6 23. Bxf6 ({Weaker is} 23. Kxg2 Bxb2 24. Qxb2 Nd3 $16) 23... Rxf6 24. Kxg2 h6 (24... d5 $142 25. Ndf3 d4) 25. Nde4 Qb7 {[%emt 0:02:50] [#]} 26. Kg1 $1 {[%emt 0:02:26] Weighted Error Value: White=0.16 (very precise) /Black=0.56} 1-0

[Event "21st IPCA World Championship 2022"]
[Site "Ashdod"]
[Date "2022.05.09"]
[Round "1.10"]
[White "Volodarsky, Michael"]
[Black "Srimskov, Elishar"]
[Result "0-1"]
[ECO "E68"]
[WhiteElo "1400"]
[BlackElo "1992"]
[Annotator "TA"]
[PlyCount "56"]
[EventDate "2022.05.09"]
[EventType "swiss"]
[EventCountry "ISR"]
[SourceTitle "playchess.com"]
[Source "ChessBase"]
[SourceQuality "1"]
[TimeControl "5400+30"]

1. d4 Nf6 2. c4 g6 3. Nc3 Bg7 4. e4 d6 5. g3 O-O 6. Bg2 Nbd7 7. Nf3 e5 8. O-O exd4 9. Nxd4 Nc5 10. Re1 Re8 11. f3 a5 {[%emt 0:02:51][%cal Ba7a5,Ba5a4][%mdl 32] E68: King's Indian: Fianchetto: 6...Nbd7 7 0-0 e5 8 e4.} 12. Bf4 Nfd7 13. Nb3 {[%emt 0:04:50] [#]} (13. b3 $11 {remains equal.}) 13... Ne6 $1 $17 {[%emt 0:02:08] aiming for ...a4. Black is better.} 14. Be3 Ne5 15. Qe2 (15. Bf2 $142) 15... a4 16. Nc1 (16. f4 $17) 16... a3 $19 {[%emt 0:00:37] [#] Hoping for ...axb2.} 17. Rb1 $146 (17. Nd1 {keeps fighting.}) ({Predecessor:} 17. Nd1 axb2 18. Nxb2 Qf6 19. Rb1 Ra3 20. f4 Nc6 21. Nbd3 Qc3 22. Rb3 Qa5 23. Qf2 {0-1 (58) Janos,J (2140)-Horvath,M (2200) Slovakia 2017}) 17... axb2 18. Qxb2 Nxc4 19. Qb3 Nxe3 20. Bh3 (20. Rxe3 $142 Bd4 21. Nd1) 20... Nd4 21. Qb2 Nxf3+ 22. Kf2 Nxe1 23. Kxe1 Bxh3 24. Qd2 Nc4 (24... Bxc3 $142 25. Qxc3 Rxe4 26. Qb3 Qf6 27. Rb2 Nc4+ 28. Kd1 Re1+ 29. Kc2 Bf5+ 30. Nd3 Re2+ 31. Kc1 Bxd3 32. Rxe2 Qa1+ 33. Qb1 Qxb1#) 25. Qd3 Bxc3+ {[%emt 0:00:45] Black mates.} 26. Qxc3 Rxe4+ 27. Kd1 Ne3+ 28. Kd2 Qg5 {Black took control after the opening.  Weighted Error Value: White=1.90/Black=0.46} 0-1